 Dungeon Crawl Stone Soup version 0.27-a0-592-g0306a34022 (webtiles) character file.

Game seed: 9634658671505937162

106 robertstho the Skirmisher (level 4, -3/29 HPs)
             Began as a Gargoyle Fighter on Mar 10, 2021.
             Killed by divine providence
             ... invoked by an orc priest
              (12 damage)
             ... on level 3 of the Dungeon.
             The game lasted 00:02:03 (1485 turns).

robertstho the Skirmisher (Gargoyle Fighter)        Turns: 1485, Time: 00:02:03

Health: -3/29      AC: 15    Str: 20    XL:     4   Next: 84%
Magic:  4/4        EV:  5    Int:  9    God:
Gold:   78         SH:  9    Dex:  9    Spells: 3/3 levels left

rFire    . . .     SeeInvis .   a - +0 flail
rCold    . . .     Faith    .   c - +0 kite shield
rNeg     + . .     Spirit   .   i - +1 chain mail
rPois    ∞         Reflect  .   (no helmet)
rElec    +         Harm     .   (no cloak)
rCorr    .         Rampage  .   g - +0 pair of gloves
Will     .....                  (no boots)
Stlth    ..........             (no amulet)
HPRegen  0.09/turn              (no ring)
MPRegen  0.09/turn              (no ring)

@: no status effects
A: negative energy resistance 1, electricity resistance, torment resistance 1,
unbreathing 1, petrification resistance, AC +3
a: no special abilities


You were on level 3 of the Dungeon.
You visited 1 branch of the dungeon, and saw 3 of its levels.

You collected 78 gold pieces.

Inventory:

Hand Weapons
 a - a +0 flail (weapon)
Armour
 c - a +0 kite shield (worn)
 g - a +0 pair of gloves (worn)
 i - a +1 chain mail (worn)
Jewellery
 f - a ring of flight
Scrolls
 b - a scroll of identify {unknown}
Potions
 d - a potion of might
 e - a potion of heal wounds {unknown}


   Skills:
 * Level 4.1 Fighting
 * Level 3.3 Maces & Flails
 * Level 3.9 Armour
 + Level 0.8 Dodging
 + Level 0.3 Stealth
 + Level 3.5 Shields


You had 3 spell levels left.
You didn't know any spells.
Your spell library was empty.

Dungeon Overview and Level Annotations

Branches:
Dungeon (3/15)

Altars:


Innate Abilities, Weirdness & Mutations

Your stone body is resilient. (AC +3)
You are immune to poison.
You resist negative energy. (rN+)
You are resistant to electric shocks. (rElec)
You are resistant to unholy torment.
You can survive without breathing.
You are immune to petrification.


Message History

The leopard gecko hisses angrily.
The orc priest invokes the aid of Beogh against you.
Beogh smites you! The orc hits you but does no damage.
The orc priest miscasts a cantrip.
You barely miss the orc. The orc barely misses you.
You hit the orc.
The orc is lightly wounded.
You block the orc's attack.
You sock the orc!
You kill the orc!
The orc priest looks satisfied for a moment.
You thump the orc!
You kill the orc!
You miss something. You block something's attack.
Something hits you but does no damage.
You closely miss something.
The orc priest calls upon Beogh to heal the orc.
The orc's wounds heal themselves!
Something hits you but does no damage.
You hit something. Something hits you but does no damage. Something hits you.
You miss something.
Something hits you but does no damage. x2
You closely miss something.
The orc priest looks satisfied for a moment.
Something hits you but does no damage.
You barely miss something. Something hits you but does no damage.
You closely miss something.
Something hits you but does no damage. x2
You miss something. Something hits you but does no damage.
The orc priest casts a cantrip, but nothing happens.
You closely miss something.
An orc wizard appears from thin air!
Reactivating autopickup.
The orc wizard hits you with a +0 dagger.
The orc wizard hits you but does no damage.
You miss the orc wizard.
The orc wizard gestures at you while chanting.
The magic dart hits you!
You hit the orc wizard.
The orc wizard is moderately wounded.
You block the orc wizard's attack.
The orc priest invokes the aid of Beogh against you.
Beogh smites you!
You die...

<..o #.## ###
.l....<. ...
...#..###.# #........
......# #.ol# #o# #o#
#@# ##'## ##...##
##.....## ###
#.......## ##.##
#.........####...##
.'.........'.......#
###.........####...##
##.......######.##


You could see an orc priest, an orc wizard, an orc and a leopard gecko.

Vanquished Creatures
  4 adders
  3 dart slugs
  A worm (D:2)
  4 leopard geckos
  6 orcs
  6 giant cockroaches
  6 goblins
  3 hobgoblins (D:1)
  3 jackals (D:1)
  3 kobolds (D:1)
  A ball python (D:2)
  4 bats
  3 frilled lizards (D:1)
  4 rats (D:1)
51 creatures vanquished.

Notes
Turn   | Place    | Note
-------+----------+-------------------------------------------
     0 | D:1      | robertstho the Gargoyle Fighter began the quest for the
                  | Orb.
     0 | D:1      | Reached XP level 1. HP: 14/14 MP: 1/1
    28 | D:1      | Reached XP level 2. HP: 19/19 MP: 2/2
   330 | D:1      | Reached XP level 3. HP: 16/24 MP: 3/3
   739 | D:2      | Found a faded altar of an unknown god.
   800 | D:2      | Reached skill level 4 in Fighting
   914 | D:2      | Reached XP level 4. HP: 29/29 MP: 4/4
  1485 | D:3      | Killed from afar by an orc priest

Illustrated notes

Levels and vault maps discovered:
D:1:      minmay_arrival_four_houses, layout_rooms, minmay_misc_feat_alley
D:2:      layout_basic, chequers_ecumenical_altar_simple_redux,
          grunt_ministairs_14
D:3:      layout_loops_corners, portal_sewer_entry_d

Skill      XL: |  1  2  3  4 |
---------------+-------------+-----
Fighting       | 4 |  4.1
Maces & Flails | 3 |  3.3
Armour         | |  3.9
Dodging        | |  0.8
Stealth        | |  0.3
Shields        | |  3.5

Action                   |  1- 3 |  4- 6 || total
-------------------------+-------+-------++-------
Melee: Flail             |   145 |    93 ||   238
  Use: Scroll            |       |     3 ||     3
Armor: Scale mail        |   120 |    14 ||   134
       Chain mail        |       |    60 ||    60
Dodge: Dodged            |    57 |    22 ||    79
Block: Kite shield       |    87 |    50 ||   137

Table legend: (Time is in decaauts)
 A = Elapsed time spent in this place.
 B = Non-inter-level travel time spent in this place.
 C = Inter-level travel time spent in this place.
 D = Time resting spent in this place.
 E = Time spent auto-exploring this place.
 F = Levels seen in this place.
 G = Mean time per level.
                   A        B        C        D        E       F      G
               +--------+--------+--------+--------+--------+-----+--------+
         Total |   1604 |   1551 |     53 |      0 |   1056 |   3 |  534.7 |
       Dungeon |   1604 |   1551 |     53 |      0 |   1056 |   3 |  534.7 |
               +--------+--------+--------+--------+--------+-----+--------+

Top non-repeatable levels by time:
     D:1: 782 daAuts
     D:2: 737 daAuts
     D:3: 84 daAuts
